 Dungeon Crawl Stone Soup version 0.31.0-12-g77e489cdc1 (webtiles) character file.

Game seed: 6635914865553661455

108 monsoonserge the Ruffian (level 4, 0/34 HPs)
             Began as a Gnoll Shapeshifter on Mar 3, 2024.
             Slain by a gnoll
             ... wielding a +1 halberd of venom
              (8 damage)
             ... on level 3 of the Dungeon.
             The game lasted 00:03:00 (1126 turns).

monsoonserge the Ruffian (Gnoll Shapeshifter)       Turns: 1126, Time: 00:03:00

Health: 0/34       AC:  6    Str: 15    XL:     4   Next: 87%
Magic:  5/5        EV: 10    Int: 10    God:
Gold:   23         SH:  5    Dex: 11    Spells: 5/5 levels left

rFire   . .          .
                       - Unarmed
rCold   . . .        (no shield)
rNeg    . . .        k - +0 scale mail
rPois   .            (helmet currently unavailable)
rElec   .            (cloak currently unavailable)
rCorr   .            (gloves currently unavailable)
SInv    .            (boots currently unavailable)
Will    .....        f - amulet of reflection Stlth
                     (no ring)
HPRegen 0.25/turn    (no ring)
MPRegen 0.09/turn

%: reflection
@: beast-form
A: beast (slay +3), fangs 1, strong nose, distributed training
a: Begin Untransformation


You were on level 3 of the Dungeon.
You were a hulking beast.
You visited 1 branch of the dungeon, and saw 3 of its levels.

You collected 23 gold pieces.

Inventory:

Armour
 a - a +0 animal skin
 k - a +0 scale mail (worn)
Magical Staves
 g - a staff of death
Jewellery
 f - an amulet of reflection (around neck)
Talismans
 c - a beast talisman
 d - a flux talisman
Scrolls
 e - a scroll of identify {unknown}
 h - a scroll of fear {unknown}
Potions
 b - a potion of lignification
 i - 2 potions of curing
 j - a potion of degeneration {unknown}


   Skills:
 + Level 2.8 Fighting
 + Level 1.3 Short Blades
 + Level 1.3 Long Blades
 + Level 1.3 Axes
 + Level 1.3 Maces & Flails
 + Level 1.3 Polearms
 + Level 1.3 Staves
 + Level 1.3 Ranged Weapons
 + Level 1.3 Throwing
 + Level 1.3 Armour
 + Level 4.7 Dodging
 + Level 1.3 Stealth
 + Level 1.3 Shields
 + Level 6.6 Unarmed Combat
 + Level 1.3 Spellcasting
 + Level 1.0 Conjurations
 + Level 1.0 Hexes
 + Level 1.0 Summonings
 + Level 1.0 Necromancy
 + Level 1.0 Translocations
 + Level 1.0 Fire Magic
 + Level 1.0 Ice Magic
 + Level 1.0 Air Magic
 + Level 1.0 Earth Magic
 + Level 1.0 Alchemy
 + Level 1.4 Invocations
 + Level 1.3 Evocations
 + Level 6.6 Shapeshifting


You had 5 spell levels left.
You didn't know any spells.
Your spell library contained the following spells:

 Spells                   Type           Power      Damage    Failure   Level
 Magic Dart               Conj           8%         1d3       65%         1
 Blink                    Tloc           4%         N/A       78%         2
 Call Imp                 Summ           4%         N/A       78%         2


Dungeon Overview and Level Annotations

Branches:
Dungeon (3/15)

Altars:

Annotations:
D:2 Sigmund


Innate Abilities, Weirdness & Mutations

You are a hulking beast.
Your limbs bulge with bestial killing power. (Slay +3)
You have very sharp teeth.
Your uncanny sense of smell can sniff out nearby items.
Your experience applies equally to all skills.


Message History

The adder barely misses you.
Found 12 gold pieces.
The adder attacks as it pursues you! You block the adder's attack.
There is a stone staircase leading down here.
The adder barely misses you. The adder misses you.
You climb downwards.
You hear the sound of rushing water.
There is an entrance to a sewer on this level.
Hurry and find it before the portal rusts away!
The gnoll shouts! x2
Found 6 gold pieces.
There is a stone staircase leading up here.
You hit the adder.
The adder is heavily wounded.
You block the adder's attack.
You hit the adder.
The adder is severely wounded.
The gnoll hits you but does no damage. The gnoll hits you with a +0 flail.
The gnoll hits you with a +1 halberd of venom!
You are poisoned.
A ribbon worm comes into view.
The adder barely misses you.
You closely miss the adder.
The adder is severely wounded.
You feel very sick. The gnoll hits you with a +0 flail.
The gnoll barely misses you. The gnoll misses you.
The adder closely misses you.
You hit the adder.
You kill the adder!
You feel very sick. The gnoll hits you with a +0 flail.
* * * LOW HITPOINT WARNING * * *
The gnoll hits you but does no damage.
You are more poisoned.
You block the gnoll's attack.
It was a potion of curing.
You feel better. The gnoll hits you with a +0 club.
* * * LOW HITPOINT WARNING * * *
The gnoll hits you with a +0 flail.
* * * LOW HITPOINT WARNING * * *
The gnoll hits you with a +1 halberd of venom!
You die...

#.#########.#
#...gggg.w..≈
#h# #†# #.#
#.# #.# #.#
#.# #$.


You could see a ribbon worm and 4 gnolls.

Vanquished Creatures
  Jessica (D:2)
  Terence (D:2)
  2 gnolls (D:2)
  2 adders
  A dart slug (D:1)
  2 bats (D:1)
  2 endoplasms (D:1)
  A goblin (D:1)
  2 jackals
  A quokka (D:1)
  4 frilled lizards (D:1)
  2 kobolds
  2 rats (D:1)
23 creatures vanquished.

Notes
Turn   | Place    | Note
-------+----------+-------------------------------------------
     0 | D:1      | monsoonserge the Gnoll Shapeshifter began the quest for the
                  | Orb.
     0 | D:1      | Reached XP level 1. HP: 17/17 MP: 1/1
    50 | D:1      | Found a faded altar of an unknown god.
   365 | D:1      | Reached XP level 2. HP: 22/23 MP: 2/2
   804 | D:2      | Noticed Sigmund
   882 | D:2      | Reached XP level 3. HP: 28/28 MP: 3/3
   987 | D:2      | Noticed Terence
  1003 | D:2      | Killed Terence
  1004 | D:2      | Reached skill level 1 in Short Blades
  1004 | D:2      | Reached skill level 1 in Long Blades
  1004 | D:2      | Reached skill level 1 in Axes
  1004 | D:2      | Reached skill level 1 in Maces & Flails
  1004 | D:2      | Reached skill level 1 in Polearms
  1004 | D:2      | Reached skill level 1 in Staves
  1004 | D:2      | Reached skill level 1 in Ranged Weapons
  1004 | D:2      | Reached skill level 1 in Throwing
  1004 | D:2      | Reached skill level 1 in Armour
  1004 | D:2      | Reached skill level 1 in Stealth
  1004 | D:2      | Reached skill level 1 in Shields
  1004 | D:2      | Reached skill level 1 in Spellcasting
  1004 | D:2      | Reached skill level 1 in Invocations
  1004 | D:2      | Reached skill level 1 in Evocations
  1072 | D:2      | Reached XP level 4. HP: 31/34 MP: 5/5
  1098 | D:2      | Noticed Jessica
  1102 | D:2      | Killed Jessica
  1103 | D:2      | Reached skill level 1 in Conjurations
  1103 | D:2      | Reached skill level 1 in Hexes
  1103 | D:2      | Reached skill level 1 in Summonings
  1103 | D:2      | Reached skill level 1 in Necromancy
  1103 | D:2      | Reached skill level 1 in Translocations
  1103 | D:2      | Reached skill level 1 in Fire Magic
  1103 | D:2      | Reached skill level 1 in Ice Magic
  1103 | D:2      | Reached skill level 1 in Air Magic
  1103 | D:2      | Reached skill level 1 in Earth Magic
  1103 | D:2      | Reached skill level 1 in Alchemy
  1126 | D:3      | Slain by a gnoll

Illustrated notes

Levels and vault maps discovered:
D:1:      evilmike_arrival_hilbert_curve, layout_basic,
          ebering_ecumenical_altar_petrified
D:2:      layout_rooms, uniq_crazy_yiuf_cottage, uniq_terence, uniq_jessica,
          uniq_sigmund
D:3:      layout_loops_ring, cheibrodos_sewer_entry_sluice

Skill      XL: |  1  2  3  4 |
---------------+-------------+-----
Short Blades   | 1 |  1.3
Long Blades    | 1 |  1.3
Axes           | 1 |  1.3
Maces & Flails | 1 |  1.3
Polearms       | 1 |  1.3
Staves         | 1 |  1.3
Ranged Weapons | 1 |  1.3
Throwing       | 1 |  1.3
Armour         | 1 |  1.3
Stealth        | 1 |  1.3
Shields        | 1 |  1.3
Spellcasting   | 1 |  1.3
Invocations    | 1 |  1.4
Evocations     | 1 |  1.3
Conjurations   | 1 |  1.0
Hexes          | 1 |  1.0
Summonings     | 1 |  1.0
Necromancy     | 1 |  1.0
Translocations | 1 |  1.0
Fire Magic     | 1 |  1.0
Ice Magic      | 1 |  1.0
Air Magic      | 1 |  1.0
Earth Magic    | 1 |  1.0
Alchemy        | 1 |  1.0
Fighting       | |  2.8
Dodging        | |  4.7
Unarmed Combat | |  6.6
Shapeshifting  | |  6.6

Action                     |  1- 3 |  4- 6 || total
---------------------------+-------+-------++-------
  Melee: Unarmed           |    45 |    10 ||    55
         Bite              |     3 |     1 ||     4
         Punch             |     1 |       ||     1
    Use: Potion            |       |     1 ||     1
   Stab: Sleeping          |     2 |       ||     2
 Armour: Animal skin       |    22 |       ||    22
         Scale mail        |     5 |    11 ||    16
  Dodge: Dodged            |    19 |     8 ||    27
  Block: Other             |     4 |     5 ||     9
